 Dungeon Crawl Stone Soup version 0.20.1-1-g8b1a95d (webtiles) character file.

364 vineage the Skirmisher (level 6, 0/56 HPs)
             Began as a Minotaur Fighter on Aug 28, 2017.
             Slain by a slave (3 damage)
             ... led by Pikel
             ... on level 3 of the Dungeon.
             The game lasted 00:04:23 (2428 turns).

vineage the Skirmisher (Minotaur Fighter)           Turns: 2428, Time: 00:04:24

Health: 0/56       AC:  7    Str: 27    XL:     6   Next: 39%
Magic:  0/5        EV:  9    Int:  5    God:
Gold:   126        SH: 10    Dex: 10    Spells: 5/5 levels left

rFire    . . .     SeeInvis .   s - +0 spear (curse)
rCold    . . .     Gourm    .   c - +0 shield
rNeg     . . .     Faith    .   b - +0 scale mail
rPois    .         Spirit   +   (helmet restricted)
rElec    .         Reflect  .   (no cloak)
rCorr    .         Harm     .   (no gloves)
MR       +....                  (no boots)
Stlth    ..........             t - amulet of guardian spirit
Regen    0.2/turn               e - ring of protection from magic
MPRegen  0.1/turn               (no ring)

@: mighty
A: retaliatory headbutt, horns 2
a: no special abilities


You were on level 3 of the Dungeon.
You were very hungry.

You visited 1 branch of the dungeon, and saw 4 of its levels.

You collected 126 gold pieces.

Inventory:

Hand Weapons
 a - a +0 war axe
 s - a cursed +0 spear (weapon)
Armour
 b - a +0 scale mail (worn)
 c - a +0 shield (worn)
Jewellery
 e - a ring of protection from magic (left hand)
 t - an amulet of guardian spirit (around neck)
Scrolls
 i - 2 scrolls of identify
 l - a scroll of enchant weapon {unknown}
 o - a scroll of blinking
Potions
 d - a potion of might
Comestibles
 f - 5 bread rations
 g - 5 fruits


   Skills:
 + Level 5.2 Fighting
 + Level 5.1(5.2) Axes
 + Level 1.0(3.3) Polearms
 + Level 4.7 Armour
 + Level 2.1 Dodging
 + Level 0.1 Stealth
 + Level 4.5 Shields


You had 5 spell levels left.
You didn't know any spells.

Dungeon Overview and Level Annotations

Branches:
Dungeon (4/15)
 Temple: D:4-7

Altars:
Qazlal

Annotations:
D:4 Pikel


Innate Abilities, Weirdness & Mutations

You reflexively headbutt those who attack you in melee.
You have a pair of horns on your head.


Message History

* * * LOW HITPOINT WARNING * * *
You puncture the slave!
The slave is heavily wounded.
You block the slave's attack. The slave hits you.
* * * LOW HITPOINT WARNING * * *
The slave hits you.
* * * LOW HITPOINT WARNING * * *
You block the slave's attack.
You puncture the slave!
The slave is almost dead.
You block the slave's attack. The slave barely misses you.
The slave hits you but does no damage. x2
You hit the slave.
You kill the slave!
That felt strangely unrewarding.
You block the slave's attack. x2
The slave hits you but does no damage.
You closely miss the slave.
The slave is heavily wounded.
The slave hits you.
You die...

#### #..#.##.#.# #..<..##.# .##
#.....#.#.## #.....##.# ..#
#...>.#.#..#### #.....##.# ..#
#.....#.##....# #.....##.#
..####.....#.#####.# #.....##.#
.............## #.# ###.####..
..####........## #.# #.# ###
#.####.........###.# #.# ##
#..)##.........p@#.# #.# #.
...............p[p[#######.#####.
........#.#.......[[)............
......#.......####)..#.........#.
..§.......##..# ##............#.
.[§§§.######..## #.##.........##
..§§§.# ##..####.##.........##
.§....# #........#...........
####..# ######.####...####.######


You could see 3 slaves.

Vanquished Creatures
  A slave (D:3)
  A necrophage (D:3)
  An ogre (D:3)
  A bullfrog zombie (D:3)
  An orc priest (D:3)
  4 adders
  An adder skeleton (D:4)
  2 worms
  A dart slug (D:3)
  4 leopard geckos
  9 orcs (D:3)
  8 bats
  3 giant cockroaches
  4 goblins
  6 hobgoblins
  11 jackals
  9 kobolds
  3 frilled lizards
  6 rats
76 creatures vanquished.

Notes
Turn   | Place    | Note
-------+----------+-------------------------------------------
     0 | D:1      | vineage the Minotaur Fighter began the quest for the Orb.
     0 | D:1      | Reached XP level 1. HP: 19/19 MP: 0/0
   196 | D:1      | Reached XP level 2. HP: 27/27 MP: 1/1
   594 | D:2      | Reached XP level 3. HP: 22/33 MP: 2/2
  1219 | D:3      | Reached skill level 1 in Dodging
  1219 | D:3      | Reached XP level 4. HP: 25/41 MP: 3/3
  1559 | D:3      | Found a faded altar of an unknown god.
  1612 | D:3      | Reached XP level 5. HP: 40/47 MP: 4/4
  1873 | D:3      | Found a stormy altar of Qazlal.
  1932 | D:3      | Noticed a necrophage
  1945 | D:3      | Killed a necrophage
  1945 | D:3      | Reached skill level 5 in Fighting
  1945 | D:3      | Reached skill level 5 in Axes
  2068 | D:4      | Reached XP level 6. HP: 41/54 MP: 5/5
  2071 | D:4      | Noticed a slave
  2072 | D:4      | Noticed a slave
  2072 | D:4      | Noticed a slave
  2072 | D:4      | Noticed a slave
  2073 | D:4      | Noticed Pikel
  2301 | D:3      | Reached skill level 1 in Polearms
  2425 | D:3      | HP: 2/56 [slave[Pikel] (1)]
  2427 | D:3      | Killed a slave
  2428 | D:3      | Slain by a slave

Skill      XL: |  1  2  3  4  5  6 |
---------------+-------------------+-----
Fighting       | 4 5 |  5.2
Armour         | 4 |  4.7
Axes           | 3 4 5 |  5.1
Dodging        | 1 2 |  2.1
Shields        | 4 |  4.5
Polearms       | 1 |  1.0
Stealth        | |  0.1

Action                   |  1- 3 |  4- 6 || total
-------------------------+-------+-------++-------
Melee: War axe           |    93 |    52 ||   145
       Headbutt          |    13 |    20 ||    33
       Spear             |       |    78 ||    78
  Use: Scroll            |       |     6 ||     6
       Potion            |       |     9 ||     9
  Eat: Chunk             |       |     4 ||     4
Armor: Scale mail        |    46 |    47 ||    93
       Skin              |       |     2 ||     2
Dodge: Dodged            |    32 |    33 ||    65
Block: Shield            |    62 |    74 ||   136
